 Dungeon Crawl Stone Soup version 0.27-a0-1312-g5cdb2b3542 (webtiles) character file.

Game seed: 17991052114051903582

20127 dickylongcocking the Blocker (level 13, -4/93 HPs)
             Began as a Djinni Fire Elementalist on June 20, 2021.
             Was a Priest of Makhleb.
             Slain by Harold (5 damage)
             ... on level 11 of the Dungeon.
             The game lasted 00:24:04 (19779 turns).

dickylongcocking the Blocker (DjFE)                Turns: 19779, Time: 00:24:05

Health: -4/93      AC:  5    Str:  7    XL:     13   Next: 9%
Gold:   496        EV: 15    Int: 34    God:    Makhleb [***...] SH:  7 Dex: 11

rFire    + + +     SeeInvis .   D - +3 whip (elec)
rCold    . . .     Faith    .   v - +0 buckler {rC+}
rNeg     . . .     Spirit   .   z - +0 steam dragon scales
rPois    ∞         Reflect  .   n - +0 hat {Stlth+}
rElec    .         Harm     .   (no cloak)
rCorr    .         Rampage  .   p - -2 pair of gloves
Will     ++...                  (boots unavailable)
Stlth    +++.......             (no amulet)
HPRegen  0.25/turn              y - ring of the Shrike {rF+ Will+ Int+6 Dex-3}
MPRegen  0.00/turn              k - +6 ring of intelligence

@: flying
A: sickness immunity, fire resistance 2, cold vulnerability 1, float, innate
caster, hp casting, extra vitality 1
a: Renounce Religion, Minor Destruction, Lesser Servant of Makhleb


You were on level 11 of the Dungeon.
You worshipped Makhleb.
Makhleb was most pleased with you.
You visited 2 branches of the dungeon, and saw 12 of its levels.
You also visited: Bailey.

You collected 541 gold pieces.
You spent 45 gold pieces at shops.

Inventory:

Hand Weapons
 s - a +2 short sword of freezing
 t - a +1 falchion of holy wrath
 D - a +3 whip of electrocution (weapon)
Armour
 a - a +0 robe
 n - a +0 hat of stealth (worn)
 o - a +1 helmet
 p - a -2 pair of gloves (worn)
 v - a +0 buckler of cold resistance (worn)
 z - +0 steam dragon scales (worn)
Magical Staves
 d - a staff of death
Jewellery
 b - an amulet of guardian spirit
 e - a ring of positive energy
 g - an amulet of magic regeneration
 k - a +6 ring of intelligence (right hand)
 w - a ring of see invisible
 y - the ring of the Shrike (left hand) {rF+ Will+ Int+6 Dex-3}
   (You found it on level 5 of the Dungeon)

   [ring of protection from fire]

   It affects your intelligence (+6).
   It affects your dexterity (-3).
   It protects you from fire.
   It increases your willpower.
 C - a ring of willpower
Wands
 f - a wand of iceblast (9)
 j - a wand of polymorph (4)
Scrolls
 l - 2 scrolls of enchant armour
 q - a scroll of silence
 r - 4 scrolls of enchant weapon
 x - 3 scrolls of identify
 F - a scroll of holy word {unknown}
Potions
 c - 4 potions of curing
 i - a potion of brilliance
 m - 2 potions of mutation
 A - 2 potions of attraction {unknown}
 B - a potion of might {unknown}
 G - a potion of flight {unknown}


   Skills:
 * Level 8.6 Fighting
 - Level 3.2 Long Blades
 - Level 0.2 Staves
 * Level 5.7 Armour
 * Level 9.2 Dodging
 - Level 4.0 Stealth
 - Level 13.3 Shields
 + Level 9.3 Spellcasting


You couldn't memorise any spells.
You knew the following spells:

 Your Spells              Type           Power      Damage    Failure   Level
a - Foxfire               Conj/Fire      100%       2x1d9     1%          1
b - Conjure Flame         Conj/Fire      68%        6-21      1%          3
c - Inner Flame           Hex/Fire       68%        N/A       1%          3
d - Sticky Flame          Conj/Fire      68%        2d8       1%          4
e - Fireball              Conj/Fire      34%        3d14      1%          5
f - Summon Small Mammal   Summ           100%       N/A       1%          1
g - Static Discharge      Conj/Air       68%        N/A       1%          2
h - Passwall              Tmut/Erth      56%        N/A       1%          2
i - Passage of Golubria   Tloc           N/A        N/A       1%          4
j - Fulminant Prism       Conj/Hex       34%        3d16      1%          4
k - Borgnjor's Vile Clut  Necr/Erth      34%        N/A       1%          5
Your spell library was empty.

Dungeon Overview and Level Annotations

Branches:
Dungeon (11/15)            Temple (1/1) D:7            Lair (0/6) D:11
    Orc (0/2) D:9          Bailey (visited)

Altars:
Ashenzari
Elyvilon
Fedhas
Makhleb
Nemelex Xobeh
Sif Muna
Trog
Uskayaw
Vehumet
Xom
Yredelemnul
Zin

Shops:
D:3 :   D:4 *([   D:5 :

Portals:
Trove: D:11 (give 13 potions of heal wounds)

Annotations:
D:11 Harold


Innate Abilities, Weirdness & Mutations

You are immune to sickness and miasma.
You are immune to poison.
Your flesh is very heat resistant. (rF++)
You are vulnerable to cold. (rC-)
You float through the air rather than walking.
You learn spells naturally, not from books.
Your magical power is your life essence.
You have superior vitality. (+4 HP)


Message History

Press: ? - help, Dir - move target
As you read the scroll of blinking, it crumbles to dust.
An orc wizard comes into view.
It is wielding a +0 dagger, wearing a +2 robe of fire resistance and carrying a wand of iceblast (10).
Found a wand of iceblast (8).
Unknown command.
Unknown command.
Okay, then.
As you read the scroll of fear, it crumbles to dust.
You assume a fearsome visage.
The orc wizard looks frightened!
Harold resists with almost no effort.
The vampire mosquito is unaffected. x4
Harold fires a harpoon shot at you. The harpoon shot hits you.
* * * LOW HITPOINT WARNING * * *
You are yanked forward by the harpoon shot.
The vampire mosquito bites you!
* * * LOW HITPOINT WARNING * * *
Unknown command.
Unknown command.
Okay, then.
Okay, then.
Okay, then.
Unknown command.
Okay, then.
Okay, then.
Okay, then.
Casting: Sticky Flame (mildly dangerous; 1% risk of failure)
Confirm with . or Enter, or press ? or * to list all spells.
Okay, then.
Casting: Sticky Flame (mildly dangerous; 1% risk of failure)
Confirm with . or Enter, or press ? or * to list all spells.
Aiming: Passage of Golubria (mildly dangerous; 1% risk of failure)
Press: ? - help, Dir - move target
* * * LOW HITPOINT WARNING * * *
The vampire mosquito misses you.
The vampire mosquito completely misses you.
The orc wizard gestures wildly while chanting.
The orc wizard flickers and vanishes!
The vampire mosquito closely misses you.
Harold hits you with a +0 dire flail.
You die...

.. ..... ^..
#.####
######....#####
#./..{........#
#......[......##
#.............'.
#......y@@....#
#......yy^....#
#.......y.....#
#.............#
#.............#
#..........§..#
##############


You could see Harold and 4 vampire mosquitoes.

Vanquished Creatures
  Gastronok (D:8)
  A tengu warrior (D:8)
  2 two-headed ogres (D:11)
  An oklob plant (D:8)
  A centaur zombie (D:10)
  Maggie (D:7)
  2 kobold demonologists (D:11)
  A wraith (D:11)
  A wyvern (D:8)
  19 yaks
  A steam dragon (D:8)
  4 wargs
  6 vampire mosquitoes
  An acid dragon (D:11)
  A sky beast (D:5)
  15 orc warriors
  An ice beast (D:6)
  A black bear (D:5)
  A necrophage (D:6)
  An ogre (D:4)
  14 centaurs
  A phantom (D:6)
  3 bullfrogs
  A wyvern zombie (D:7)
  A scorpion (D:7)
  A water moccasin zombie (D:4)
  A wyvern skeleton (D:7)
  3 killer bees (D:10)
  5 wights (D:8)
  3 howler monkeys (D:7)
  2 bullfrog zombies
  13 orc priests
  3 hounds
  8 jellies
  2 centaur skeletons
  Jessica (D:2)
  A bullfrog skeleton (D:7)
  4 iguanas
  16 orc wizards
  Robin (D:2)
  A howler monkey skeleton (D:4)
  7 gnolls (D:4)
  3 adders
  A shadow imp (D:5)
  A white imp (D:6)
  An ufetubus (D:5)
  6 worms
  2 dart slugs (D:4)
  79 orcs
  4 ball pythons
  17 endoplasms
  4 giant cockroaches
  19 goblins
  9 hobgoblins
  4 jackals (D:2)
  7 kobolds
  3 quokkas
  6 bats
  4 frilled lizards
  7 rats
331 creatures vanquished.

Vanquished Creatures (collateral kills)
  An adder (D:3)
  A ball python (D:2)
  A bat (D:2)
  An endoplasm (D:3)
  A goblin (D:2)
  2 foxfires (D:2)
7 creatures vanquished.

Vanquished Creatures (others)
  413 foxfires
  4 fulminant prisms
  7 fungi (D:8)
  A plant (D:2)
425 creatures vanquished.

Grand Total: 763 creatures vanquished

Notes
Turn   | Place    | Note
-------+----------+-------------------------------------------
     0 | D:1      | dickylongcocking the Djinni Fire Elementalist began the
                  | quest for the Orb.
     0 | D:1      | Reached XP level 1. HP: 15/15 MP: 0/0
   361 | D:1      | Reached XP level 2. HP: 15/21 MP: 0/0
  1155 | D:1      | Reached XP level 3. HP: 20/25 MP: 0/0
  1155 | D:1      | Learned a level 1 spell: Summon Small Mammal
  2062 | D:2      | Found a faded altar of an unknown god.
  2072 | D:2      | Noticed Jessica
  2075 | D:2      | Reached XP level 4. HP: 18/31 MP: 0/0
  2310 | D:2      | Noticed Robin
  2315 | D:2      | Killed Robin
  2344 | D:2      | Killed Jessica
  2345 | D:2      | Reached XP level 5. HP: 17/36 MP: 0/0
  2345 | D:2      | Learned a level 2 spell: Static Discharge
  3416 | D:3      | Found Imife's Book Shoppe.
  4051 | D:3      | Found a basalt altar of Yredelemnul.
  4051 | D:3      | Found a shimmering altar of Xom.
  4064 | D:3      | Reached XP level 6. HP: 15/41 MP: 0/0
  4389 | D:4      | Found Gugivix's Armour Shop.
  5050 | D:4      | Reached skill level 5 in Spellcasting
  5281 | D:4      | Found Kisij Haxt's Antique Weapon Boutique.
  5293 | D:4      | Reached XP level 7. HP: 41/46 MP: 0/0
  5293 | D:4      | Learned a level 2 spell: Passwall
  5369 | D:4      | You are sucked into a shaft and drop 2 floors!
  6098 | D:6      | Reached XP level 8. HP: 46/51 MP: 0/0
  6181 | D:5      | Entered Level 5 of the Dungeon
  6666 | D:5      | Reached skill level 1 in Fighting
  6939 | D:5      | Reached skill level 1 in Long Blades
  7426 | D:4      | Found Jisseevu's General Store.
  7441 | D:4      | Bought a scroll of fear for 45 gold pieces
  8341 | D:5      | Identified the ring of the Shrike {rF+ Will+ Int+6 Dex-3}
  8344 | D:5      | Found Ifurumu's Book Shop.
  8667 | D:6      | Reached XP level 9. HP: 26/58 MP: 0/0
  8667 | D:6      | Learned a level 4 spell: Passage of Golubria
  9524 | D:6      | Reached XP level 10. HP: 54/67 MP: 0/0
  9680 | D:7      | Found a staircase to the Ecumenical Temple.
  9689 | Temple   | Entered the Ecumenical Temple
  9695 | Temple   | Became a worshipper of Makhleb the Destroyer
  9707 | D:7      | Reached skill level 5 in Dodging
  9961 | D:7      | Reached skill level 1 in Shields
 10267 | D:7      | Noticed Maggie
 10278 | D:7      | Killed Maggie
 10279 | D:7      | Reached skill level 2 in Shields
 10349 | D:7      | Found a flagged portal.
 10358 | Bailey   | Entered a bailey
 10393 | Bailey   | HP: 1/103 [something (5)]
 10406 | Bailey   | Reached skill level 3 in Shields
 10839 | Bailey   | Reached skill level 5 in Fighting
 10902 | Bailey   | Reached * piety under Makhleb
 11593 | Bailey   | Identified the +9 gold dragon scales of Classification
                  | {rPois rF+ rC+ rCorr Dex+3}
 11837 | Bailey   | Reached skill level 4 in Shields
 12544 | Bailey   | Reached skill level 13 in Shields
 12544 | Bailey   | Reached XP level 11. HP: 76/76 MP: 0/0
 12544 | Bailey   | Learned a level 4 spell: Fulminant Prism
 13867 | D:8      | Reached skill level 1 in Armour
 13867 | D:8      | Reached XP level 12. HP: 76/83 MP: 0/0
 14284 | D:8      | Reached ** piety under Makhleb
 14458 | D:8      | Noticed a tengu warrior
 14466 | D:8      | Killed a tengu warrior
 14480 | D:8      | Noticed Gastronok
 14794 | D:8      | Found the +27 Lear's hauberk
 14807 | D:8      | Killed Gastronok
 17006 | D:9      | Reached *** piety under Makhleb
 17060 | D:9      | Found a staircase to the Orcish Mines.
 17574 | D:10     | Entered Level 10 of the Dungeon
 17872 | D:10     | Found a bloodstained altar of Trog.
 18957 | D:10     | Reached skill level 5 in Armour
 19394 | D:11     | Noticed a two-headed ogre
 19401 | D:11     | Killed a two-headed ogre
 19402 | D:11     | Reached XP level 13. HP: 59/93 MP: 0/0
 19402 | D:11     | Learned a level 5 spell: Borgnjor's Vile Clutch
 19615 | D:11     | Found a staircase to the Lair.
 19729 | D:11     | Found a portal to a secret trove of treasure.
 19776 | D:11     | Noticed Harold
 19779 | D:11     | Slain by Harold

Illustrated notes

Levels and vault maps discovered:
D:1:      lemuel_arrival_funnel, layout_basic, chequers_serial_rivers_micro_c,
          minivault_4, hex_intersection
D:2:      layout_basic, dilly_ecumenical_altar_fadedgnrine, uniq_jessica,
          uniq_robin
D:3:      layout_basic, grunt_temple_overflow_open, serial_shops, shop
D:4:      minmay_evil_eye, layout_rooms, cheibrodos_sewer_entry_drain,
          serial_shops, nicolae_shop_temple_entry_statues_fountains, shop, shop
D:5:      layout_rooms, minmay_misc_feat_four_crosses, nicolae_stop_n_shop_1
D:6:      layout_gridville
D:7:      layout_layer_cave, minmay_temple_entry_tees, enter_bailey_5,
          minmay_manual_mares, uniq_maggie
D:8:      lemuel_slime, layout_loops_ring, hellmonk_guarded_unrand_lears,
          uniq_gastronok
D:9:      layout_loops_ring, erik_orc_4
D:10:     layout_loops_corners, amcnicky_altar_gilded
D:11:     layout_roguey [special_room_bee], erik_lair_orcish_takeover,
          nicolae_trove_entry_crystal, trog_hazing_becter, uniq_harold
Temple:   eino_narrow_crystal_temple

Skill      XL: |  1  2  3  4  5  6  7  8  9 10 11 12 |
---------------+-------------------------------------+-----
Spellcasting   | 3 4 5 6 7 8 9 |  9.3
Stealth        | 2 3 4 |  4.0
Dodging        | 3 4 6 9 |  9.2
Fighting       | 1 3 6 8 |  8.6
Long Blades    | 1 3 |  3.2
Shields        | 13 | 13.3
Armour         | 1 5 |  5.7
Staves         | |  0.2

Action                   |  1- 3 |  4- 6 |  7- 9 | 10-12 | 13-15 || total
-------------------------+-------+-------+-------+-------+-------++-------
Melee: Unarmed           |     1 |       |       |       |       ||     1
       Staff             |     5 |     3 |       |       |       ||     8
       Falchion          |       |     2 |    20 |    29 |       ||    51
       Whip              |       |       |       |     5 |       ||     5
 Cast: Foxfire           |    82 |   100 |    44 |    45 |     5 ||   276
       Inner Flame       |     7 |    17 |    16 |    48 |     4 ||    92
       Summon Small Mamm |     5 |    12 |     8 |    29 |     6 ||    60
       Static Discharge  |       |       |     3 |     1 |       ||     4
       Sticky Flame      |       |       |    29 |    54 |     3 ||    86
       Passwall          |       |       |     1 |       |       ||     1
       Fireball          |       |       |       |    93 |     5 ||    98
       Passage of Golubr |       |       |       |     3 |     1 ||     4
       Fulminant Prism   |       |       |       |     3 |     1 ||     4
Evoke: Wand              |       |       |       |     7 |       ||     7
  Use: Scroll            |     3 |       |     3 |     8 |     3 ||    17
       Potion            |     2 |       |     1 |     6 |       ||     9
Armor: Robe              |     6 |     8 |    10 |    22 |       ||    46
       Skin              |       |       |       |     1 |       ||     1
       Steam dragon scal |       |       |       |     2 |     3 ||     5
Dodge: Dodged            |    29 |    16 |    50 |   102 |    11 ||   208
Block: Buckler           |       |       |       |    10 |     3 ||    13
       Rpst.: Falchion   |       |     1 |    17 |    15 |       ||    33

Table legend: (Time is in decaauts)
 A = Elapsed time spent in this place.
 B = Non-inter-level travel time spent in this place.
 C = Inter-level travel time spent in this place.
 D = Time resting spent in this place.
 E = Time spent auto-exploring this place.
 F = Levels seen in this place.
 G = Mean time per level.
                   A        B        C        D        E       F      G
               +--------+--------+--------+--------+--------+-----+--------+
         Total |  19774 |  19063 |    711 |   5650 |  11062 |  13 | 1521.1 |
       Dungeon |  17538 |  16832 |    706 |   4198 |  10645 |  11 | 1594.4 |
        Temple |     12 |      7 |      5 |      0 |      0 |   1 |   12.0 |
        Bailey |   2223 |   2223 |      0 |   1451 |    417 |   1 | 2223.0 |
               +--------+--------+--------+--------+--------+-----+--------+

Top non-repeatable levels by time:
     D:8: 2654 daAuts
  Bailey: 2223 daAuts
     D:6: 2000 daAuts
     D:7: 1920 daAuts
     D:4: 1863 daAuts
     D:3: 1811 daAuts
    D:10: 1635 daAuts
     D:1: 1499 daAuts
     D:2: 1336 daAuts
     D:5: 1260 daAuts
     D:9: 985 daAuts
    D:11: 569 daAuts
  Temple: 12 daAuts
